 Dungeon Crawl Stone Soup version 0.26.0-57-g60708a5e39 (webtiles) character file.

Game seed: 5816261080547253201

124926 Plopball the Executioner (level 16, -13/143 HPs)
             Began as a Minotaur Fighter on Feb 1, 2021.
             Was the Champion of Wu Jian.
             Mangled by an azure jelly (34 damage)
             ... on level 1 of the Pits of Slime.
             The game lasted 01:25:54 (26596 turns).

Plopball the Executioner (Minotaur Fighter)        Turns: 26596, Time: 01:25:55

Health: -13/143    AC: 29    Str: 38    XL:     16   Next: 40%
Magic:  15/15      EV: 10    Int: 12    God:    Wu Jian [******]
Gold:   2307       SH:  0    Dex: 20    Spells: 15/15 levels left

rFire    . . .     SeeInvis .   P - +9 executioner's axe (vorpal)
rCold    . . .     Faith    .   (shield currently unavailable)
rNeg     . . .     Spirit   .   N - +7 plate armour
rPois    .         Reflect  .   (helmet unavailable)
rElec    .         Harm     .   E - +0 cloak "Emianec" {Will- Int+7 Dex+7}
rCorr    .         Rampage  +   T - +0 pair of gloves {Str+3}
Will     .....                  k - +1 pair of boots {rampage}
Stlth    ..........             w - amulet of regeneration
HPRegen  0.73/turn              t - +6 ring of strength
MPRegen  0.14/turn              D - +4 ring of slaying

@: no status effects
A: retaliatory headbutt, horns 3, thin skeletal structure 1, strong 1
a: Renounce Religion, Wall Jump, Serpent's Lash, Heavenly Storm


You were on level 1 of the Pits of Slime.
You worshipped Wu Jian.
Wu Jian was exalted by your worship.
You visited 4 branches of the dungeon, and saw 24 of its levels.
You also visited: Bailey and Gauntlet.

You collected 3417 gold pieces.
You spent 1110 gold pieces at shops.

Inventory:

Hand Weapons
 B - a +6 long sword of flaming
 P - a +9 vorpal executioner's axe (weapon)
 W - a +3 scimitar of flaming
Armour
 k - a +1 pair of boots of rampaging (worn)
 E - the +0 cloak "Emianec" (worn) {Will- Int+7 Dex+7}
   (You found it on level 7 of the Dungeon)

   It affects your intelligence (+7).
   It affects your dexterity (+7).
   It affects your willpower, your defense against some magical effects.
 N - a +7 plate armour (worn)
 O - a +2 tower shield
 T - a +0 pair of gloves of strength (worn)
Jewellery
 i - the ring of the Jester {*Corrode rElec Will+ Str+6}
   (You found it in a Gauntlet)

   [ring of strength]

   It affects your strength (+6).
   It insulates you from electricity.
   It affects your willpower, your defense against some magical effects.
   It may corrode you when you take damage.
 l - an uncursed ring of fire
 r - an uncursed ring of flight {unknown}
 t - a +6 ring of strength (left hand)
 w - an amulet of regeneration (around neck)
 A - an uncursed ring of see invisible
 C - a +6 ring of dexterity
 D - a +4 ring of slaying (right hand)
 H - an uncursed ring of willpower
 R - an uncursed ring of protection from cold
 U - an uncursed amulet of reflection
Wands
 c - a wand of digging (2)
 F - a wand of flame (14)
 Q - a wand of disintegration (8)
Scrolls
 a - a scroll of enchant armour
 b - a scroll of fear
 e - 9 scrolls of teleportation
 h - 3 scrolls of fog
 m - a scroll of acquirement {unknown}
 n - a scroll of random uselessness
 p - 4 scrolls of remove curse
 y - a scroll of immolation {unknown}
 G - 3 scrolls of magic mapping
 I - 4 scrolls of enchant weapon
 L - 2 scrolls of identify
 X - 2 scrolls of blinking
Potions
 d - 6 potions of might
 f - 2 potions of heal wounds
 g - 2 potions of lignification {unknown}
 j - 2 potions of berserk rage
 o - 4 potions of flight
 q - 3 potions of attraction
 s - 2 potions of resistance
 u - 2 potions of magic {unknown}
 v - 16 potions of curing
 x - 3 potions of degeneration {unknown}
 z - a potion of invisibility {unknown}
 J - 5 potions of brilliance
 K - 2 potions of cancellation {unknown}
 M - 7 potions of haste {unknown}
Miscellaneous
 S - a phial of floods
 V - a box of beasts


   Skills:
 + Level 13.0 Fighting
 - Level 12.6 Long Blades
 * Level 22.1 Axes
 + Level 14.4 Armour
 - Level 2.1 Dodging
 + Level 2.3 Stealth
 + Level 12.6 Shields


You had 15 spell levels left.
You didn't know any spells.
Your spell library contained the following spells:

 Spells                   Type           Power        Failure   Level
 Animate Skeleton         Necr           0%           78%         1
 Apportation              Tloc           0%           78%         1
 Beastly Appendage        Tmut           0%           78%         1
 Corona                   Hex            0%           78%         1
 Sandblast                Erth           0%           78%         1
 Sting                    Tmut/Pois      0%           78%         1
 Summon Small Mammal      Summ           0%           78%         1
 Call Imp                 Summ           0%           89%         2
 Corpse Rot               Necr/Air       N/A          89%         2
 Ensorcelled Hibernation  Hex/Ice        0%           89%         2
 Passwall                 Tmut/Erth      0%           89%         2
 Poisonous Vapours        Pois/Air       0%           89%         2
 Slow                     Hex            0%           89%         2
 Sublimation of Blood     Necr           0%           89%         2
 Wereblood                Tmut           0%           89%         2
 Call Canine Familiar     Summ           0%           98%         3
 Confusing Touch          Hex            0%           98%         3
 Conjure Flame            Conj/Fire      0%           98%         3
 Dazzling Flash           Conj/Hex       0%           98%         3
 Gell's Gravitas          Tloc           0%           98%         3
 Ignite Poison            Fire/Tmut/Pois 0%           98%         3
 Inner Flame              Hex/Fire       0%           98%         3
 Mephitic Cloud           Conj/Pois/Air  0%           98%         3
 Portal Projectile        Hex/Tloc       0%           98%         3
 Spider Form              Tmut/Pois      0%           98%         3
 Stone Arrow              Conj/Erth      0%           98%         3
 Summon Guardian Golem    Hex/Summ       0%           98%         3
 Tukima's Dance           Hex            0%           98%         3
 Cause Fear               Hex            0%           100%        4
 Dispel Undead            Necr           0%           100%        4
 Ice Form                 Ice/Tmut       0%           100%        4
 Leda's Liquefaction      Hex/Erth       0%           100%        4
 Olgreb's Toxic Radiance  Pois           0%           100%        4
 Petrify                  Tmut/Erth      0%           100%        4
 Summon Ice Beast         Ice/Summ       0%           100%        4
 Summon Lightning Spire   Summ/Air       0%           100%        4
 Agony                    Necr           0%           100%        5
 Blade Hands              Tmut           0%           100%        5
 Excruciating Wounds      Necr           0%           100%        5
 Fireball                 Conj/Fire      0%           100%        5
 Lee's Rapid Deconstruct  Erth           0%           100%        5
 Metabolic Englaciation   Hex/Ice        0%           100%        5
 Yara's Violent Unravell  Hex/Tmut       0%           100%        5
 Freezing Cloud           Conj/Ice/Air   0%           100%        6
 Starburst                Conj/Fire      0%           100%        6
 Ignition                 Fire           0%           100%        8


Dungeon Overview and Level Annotations

Branches:
Dungeon (15/15)            Temple (0/1) D:7            Lair (6/6) D:9
  Swamp (0/4) Lair:3       Spider (0/4) Lair:2        Slime (1/5) Lair:6
    Orc (2/2) D:9             Elf (0/3) Orc:2        Vaults (0/5) D:14
 Depths (0/5) D:15         Bailey (visited)         Gauntlet (visited)

Altars:
Cheibriados
Dithmenos
Fedhas
Kikubaaqudgha
Nemelex Xobeh
Trog
Uskayaw
Vehumet
Wu Jian
Beogh

Shops:
D:9 }   D:10 }?   D:14 (=}}:   Orc:2 (:[?

Annotations:
Lair:1 exclusion: oklob plant
Lair:2 2 transporters, asdu's ghost, journeyman DDEE


Innate Abilities, Weirdness & Mutations

You reflexively headbutt those who attack you in melee.
You have a pair of large horns on your head.
You have a somewhat thin skeletal structure. (Dex +2, Stealth)
Your muscles are strong. (Str +2)


Message History

The azure jelly hits you. The azure jelly freezes you!!
* * * LOW HITPOINT WARNING * * *
The azure jelly barely misses you.
The azure jelly hits you but does no damage.
You feel much better.
You are splashed with acid!
The azure jelly closely misses you.
The azure jelly hits you but does no damage.
The azure jelly misses you.
The azure jelly hits you but does no damage.
The azure jelly hits you.
* * * LOW HITPOINT WARNING * * *
The azure jelly freezes you!
* * * LOW HITPOINT WARNING * * *
The azure jelly hits you but does no damage. x3
You feel better.
You are splashed with acid!
* * * LOW HITPOINT WARNING * * *
The azure jelly hits you!
* * * LOW HITPOINT WARNING * * *
The azure jelly freezes you!!
You die...

#.#.#..#..#...# ..
#.####........##.#..#...
#....^..............
##........#.........
#.......#...........
....#......#.........
.#.........#..G....
............#.G.#.##.
.#..........J@.......
#.#..#..........####
......#.#.........#
##.#.#...####.#..##
######.# ###### ##


You could see an azure jelly, an eye of devastation and a golden eye.

Vanquished Creatures
  An acid blob (Slime:1)
  An orc warlord (Orc:2)
  A minotaur (Gauntlet)
  4 entropy weavers (Lair:3)
  Snorg (Lair:4)
  A great orb of eyes (Slime:1)
  A fire dragon (Lair:6)
  3 ghost crabs (Lair:3)
  13 hydras
  An ice dragon (Lair:6)
  3 boulder beetles
  3 centaur warriors
  6 two-headed ogres
  2 dancing weapons (D:14)
  Erica (D:10)
  An alligator (Lair:4)
  A vampire mage (D:15)
  An orc high priest (D:9)
  3 death yaks (Lair:6)
  Sonja (D:11)
  4 fire crabs (Lair:3)
  7 skeletal warriors (D:15)
  An unseen horror (shapeshifter) (D:13)
  An unseen horror (D:15)
  A swamp dragon (Lair:6)
  2 lindwurms
  A wizard (Gauntlet)
  Pikel (D:5)
  A wolf spider zombie (D:15)
  A deep elf mage (D:15)
  An orb spider (Lair:2)
  A necromancer (D:15)
  6 orc knights
  9 ugly things
  A cyclops (D:11)
  A shining eye (Slime:1)
  3 orc sorcerers (Orc:2)
  A stone giant skeleton (D:15)
  12 elephants
  An apocalypse crab (Lair:3)
  Maurice (D:8)
  6 black mambas
  2 gargoyles (D:15)
  10 cane toads
  A frost giant skeleton (D:15)
  7 torpor snails
  Maggie (D:8)
  10 rime drakes
  15 komodo dragons
  2 efreet (D:13)
  2 trolls
  An ice dragon zombie (D:15)
  3 polar bears
  Prince Ribbit (Lair:1)
  Grinder (D:5)
  4 tyrant leeches (Lair:6)
  A dream sheep (Lair:5)
  11 slime creatures
  27 blink frogs
  2 raiju (Gauntlet)
  9 hornets
  Sigmund (D:6)
  A spriggan (Lair:4)
  2 shadows (D:13)
  78 yaks
  7 wyverns
  An elf zombie (D:15)
  A vampire (D:12)
  2 wraiths
  A fire elemental (Orc:2)
  4 basilisks
  A golden eye (Slime:1)
  12 vampire mosquitoes
  2 steam dragons
  A soldier ant (D:13)
  Edmund (D:6)
  2 acid dragons
  2 swamp worms (Lair:3)
  19 water moccasins
  A swamp drake (Lair:6)
  57 orc warriors
  8 sky beasts
  5 black bears
  3 phantoms
  A necrophage (D:4)
  22 wolves
  4 boggarts (Lair:5)
  5 ice beasts
  2 eyes of draining
  7 ogres
  27 centaurs
  2 lemures
  2 big kobolds
  25 bullfrogs
  A wyvern zombie (D:14)
  5 scorpions
  11 killer bees
  13 wights
  3 electric eels
  A howler monkey (D:6)
  3 centaur zombies
  A crimson imp (D:9)
  4 bullfrog zombies
  22 jellies
  5 quasits
  10 hounds
  4 centaur skeletons
  22 orc priests
  4 bullfrog skeletons
  8 iguanas
  10 worker ants
  24 orc wizards
  2 lightning spires (Gauntlet)
  A killer bee zombie (D:8)
  A hound zombie (D:5)
  A mummy (D:4)
  A howler monkey zombie (D:8)
  A howler monkey skeleton (D:5)
  A gnoll (D:1)
  10 adders
  A shadow imp (D:9)
  6 white imps
  An ufetubus (D:9)
  2 oozes (D:2)
  3 adder zombies
  2 adder skeletons
  2 worms
  A dart slug (D:4)
  6 leopard geckos
  129 orcs
  5 giant cockroaches
  6 goblins
  8 hobgoblins
  6 jackals
  6 quokkas
  7 bats
  3 frilled lizards
  A hobgoblin zombie (D:4)
  A jackal skeleton (D:8)
  13 kobolds
  2 leopard gecko skeletons
  An orc zombie (D:4)
  2 quokka skeletons
  2 quokka zombies
  9 rats
  A bush (Lair:4)
926 creatures vanquished.

Vanquished Creatures (others)
  2 orcs
  A bush (Lair:6)
  33 fungi
  96 plants
  3 withered plants (D:15)
135 creatures vanquished.

Grand Total: 1061 creatures vanquished

Notes
Turn   | Place    | Note
-------+----------+-------------------------------------------
     0 | D:1      | Plopball the Minotaur Fighter began the quest for the Orb.
     0 | D:1      | Reached XP level 1. HP: 19/19 MP: 0/0
   355 | D:1      | Reached XP level 2. HP: 27/27 MP: 1/1
   644 | D:2      | Reached XP level 3. HP: 33/33 MP: 2/2
  1016 | D:2      | Found a shadowy altar of Dithmenos.
  1238 | D:2      | Reached XP level 4. HP: 41/41 MP: 3/3
  1755 | D:3      | You fall into a shaft and drop 2 floors!
  1755 | D:5      | Entered Level 5 of the Dungeon
  1756 | D:5      | Noticed a lemure
  1756 | D:5      | Noticed a lemure
  1770 | D:4      | Reached XP level 5. HP: 42/47 MP: 4/4
  3321 | D:4      | Reached skill level 5 in Armour
  3326 | D:4      | Reached skill level 5 in Shields
  3446 | D:4      | Reached XP level 6. HP: 53/53 MP: 5/5
  3461 | D:4      | Reached skill level 5 in Long Blades
  4064 | D:5      | Noticed Pikel
  4076 | D:5      | Killed Pikel
  4077 | D:5      | Reached skill level 5 in Fighting
  4077 | D:5      | Reached skill level 1 in Dodging
  4077 | D:5      | Reached XP level 7. HP: 59/61 MP: 6/6
  4203 | D:5      | Reached XP level 8. HP: 68/68 MP: 7/7
  4505 | D:5      | Noticed Grinder
  4511 | D:5      | Killed Grinder
  5038 | D:6      | Reached XP level 9. HP: 75/75 MP: 8/8
  5232 | D:6      | Noticed Sigmund
  5237 | D:6      | Noticed Edmund
  5264 | D:6      | Killed Edmund
  5275 | D:6      | Killed Sigmund
  5471 | D:7      | Found a staircase to the Ecumenical Temple.
  5637 | D:7      | Found an ornate altar of the Wu Jian Council.
  5650 | D:7      | Became a worshipper of the Wu Jian Council
  5846 | D:7      | Reached skill level 10 in Long Blades
  5900 | D:7      | Found a blossoming altar of Fedhas.
  5907 | D:7      | Got a heavily runed cloak
  6294 | D:7      | Identified the cursed +0 cloak "Emianec" {Will- Int+7
                  | Dex+7} (You found it on level 7 of the Dungeon)
  6345 | D:8      | Reached XP level 10. HP: 82/84 MP: 9/9
  6357 | D:8      | Reached skill level 1 in Stealth
  6406 | D:8      | Reached * piety under Wu Jian
  6457 | D:8      | Found a hide-covered altar of Uskayaw.
  6458 | D:8      | Found an ancient bone altar of Kikubaaqudgha.
  6458 | D:8      | Found a sparkling altar of Nemelex Xobeh.
  6490 | D:8      | Reached skill level 10 in Shields
  6535 | D:8      | Noticed Maggie
  6548 | D:8      | Killed Maggie
  6573 | D:8      | Noticed Maurice
  6574 | D:8      | Paralysed by Maurice for 3 turns
  6583 | D:8      | Reached skill level 10 in Armour
  6583 | D:8      | Paralysed by something for 7 turns
  6595 | D:8      | Paralysed by something for 4 turns
  6603 | D:8      | Killed Maurice
  6988 | D:9      | Reached ** piety under Wu Jian
  7171 | D:9      | Found Someerom's Gadget Shoppe.
  7368 | D:9      | Found a staircase to the Lair.
  7419 | D:9      | Reached XP level 11. HP: 93/93 MP: 10/10
  7651 | D:9      | Found a staircase to the Orcish Mines.
  8056 | D:10     | Entered Level 10 of the Dungeon
  8085 | D:10     | Noticed a two-headed ogre
  8091 | D:10     | Noticed Erica
  8107 | D:10     | Killed Erica
  8114 | D:10     | Killed a two-headed ogre
  8206 | D:10     | Found Zuckup's Gadget Shoppe.
  8229 | D:10     | Reached *** piety under Wu Jian
  8338 | D:10     | Found a flagged portal.
  8361 | Bailey   | Entered a bailey
  8489 | Bailey   | Reached **** piety under Wu Jian
  9069 | D:10     | Noticed a two-headed ogre
  9075 | D:10     | Killed a two-headed ogre
  9076 | D:10     | Reached skill level 1 in Axes
  9341 | D:10     | Reached skill level 2 in Axes
  9449 | D:10     | Found Delut's Magic Scroll Emporium.
  9452 | D:10     | Bought a scroll of identify for 30 gold pieces
  9452 | D:10     | Bought a scroll of identify for 30 gold pieces
  9452 | D:10     | Bought a scroll of enchant armour for 112 gold pieces
  9452 | D:10     | Bought a scroll of identify for 30 gold pieces
  9610 | D:11     | Noticed a two-headed ogre
  9614 | D:11     | Killed a two-headed ogre
  9615 | D:11     | Reached skill level 3 in Axes
  9747 | D:11     | Reached skill level 4 in Axes
  9799 | D:11     | Reached skill level 5 in Axes
  9845 | D:11     | Reached XP level 12. HP: 97/103 MP: 11/11
  9845 | D:11     | Reached ***** piety under Wu Jian
  9846 | D:11     | Reached skill level 6 in Axes
  9871 | D:11     | Noticed Sonja
  9879 | D:11     | Killed Sonja
  9880 | D:11     | Reached skill level 7 in Axes
 10033 | D:11     | Noticed a seven-headed hydra
 10036 | D:11     | Killed a nine-headed hydra
 10130 | D:11     | Noticed a boulder beetle
 10137 | D:11     | Reached skill level 8 in Axes
 10143 | D:11     | Killed a boulder beetle
 10386 | D:12     | Reached skill level 9 in Axes
 10494 | D:12     | You fall into a shaft and drop 1 floor!
 10540 | D:13     | Noticed a boulder beetle
 10547 | D:13     | Killed a boulder beetle
 10548 | D:13     | Reached skill level 10 in Axes
 10819 | D:13     | Noticed a boulder beetle
 10824 | D:13     | Killed a boulder beetle
 10825 | D:13     | Reached skill level 11 in Axes
 10903 | D:13     | Noticed a centaur warrior
 10912 | D:13     | Killed a centaur warrior
 11104 | D:13     | Reached skill level 12 in Axes
 12191 | D:12     | Reached XP level 13. HP: 112/112 MP: 12/12
 12691 | D:13     | Reached skill level 13 in Axes
 12814 | D:14     | Found Ugaton's Book Shop.
 12881 | D:14     | Found Loliduki's Gadget Emporium.
 12985 | D:14     | Found a snail-covered altar of Cheibriados.
 13136 | D:14     | Reached skill level 10 in Fighting
 13206 | D:14     | Reached skill level 14 in Axes
 13229 | D:14     | Found a gate to the Vaults.
 13329 | D:14     | Found Guimacko's Gadget Shop.
 13643 | D:14     | Found Yramoat's Weapon Boutique.
 13666 | D:14     | Found Unosaxzera's Jewellery Shoppe.
 13718 | D:14     | Gained mutation: You have a somewhat thin skeletal
                  | structure. (Dex +2, Stealth) [potion of mutation]
 13718 | D:14     | Gained mutation: Scrolls take you a little longer to read.
                  | [potion of mutation]
 13718 | D:14     | Gained mutation: You possess an exceptional clarity of
                  | mind. [potion of mutation]
 13718 | D:14     | Gained mutation: Your muscles are strong. (Str +2) [potion
                  | of mutation]
 13719 | D:14     | Lost mutation: Scrolls take you a little longer to read.
                  | [potion of mutation]
 13719 | D:14     | Lost mutation: You possess an exceptional clarity of mind.
                  | [potion of mutation]
 13719 | D:14     | Gained mutation: Your body sometimes deteriorates upon
                  | taking damage. [potion of mutation]
 13719 | D:14     | Gained mutation: You have a pair of large horns on your
                  | head. [potion of mutation]
 13719 | D:14     | Gained mutation: You passively map a small area around you.
                  | [potion of mutation]
 13722 | D:14     | Lost mutation: You passively map a small area around you.
                  | [potion of mutation]
 13722 | D:14     | Lost mutation: You have a pair of large horns on your head.
                  | [potion of mutation]
 13722 | D:14     | Lost mutation: Your body sometimes deteriorates upon taking
                  | damage. [potion of mutation]
 13722 | D:14     | Gained mutation: You have a pair of large horns on your
                  | head. [potion of mutation]
 13722 | D:14     | Gained mutation: You are agile. (Dex +2) [potion of
                  | mutation]
 13781 | D:15     | Entered Level 15 of the Dungeon
 13841 | D:15     | Found a staircase to the Depths.
 13850 | D:15     | Reached skill level 15 in Axes
 14303 | D:15     | Reached skill level 16 in Axes
 14517 | D:15     | Reached XP level 14. HP: 109/122 MP: 13/13
 15607 | Orc:1    | Entered Level 1 of the Orcish Mines
 16405 | Orc:2    | Entered Level 2 of the Orcish Mines
 16405 | Orc:2    | Found a roughly hewn altar of Beogh.
 16608 | Orc:1    | Reached skill level 17 in Axes
 16794 | Orc:2    | Found a staircase to the Elven Halls.
 16857 | Orc:2    | Paralysed by an orc sorcerer for 2 turns
 17027 | Orc:1    | Reached ****** piety under Wu Jian
 17222 | Orc:2    | Found a roughly hewn altar of Beogh.
 17251 | Orc:2    | Found a roughly hewn altar of Beogh.
 17322 | Orc:2    | Noticed an orc warlord
 17412 | Orc:2    | Killed an orc warlord
 17570 | Orc:2    | Found a roughly hewn altar of Beogh.
 17585 | Orc:2    | Found Maisuc's Magic Scroll Shop.
 17590 | Orc:2    | Bought a scroll of identify for 24 gold pieces
 17590 | Orc:2    | Bought a scroll of identify for 24 gold pieces
 17590 | Orc:2    | Bought a scroll of identify for 24 gold pieces
 17818 | Orc:2    | Found a roughly hewn altar of Beogh.
 17875 | Orc:2    | Found a roughly hewn altar of Beogh.
 17906 | Orc:2    | Found a roughly hewn altar of Beogh.
 17907 | Orc:2    | Found Kiupn's Book Emporium.
 18085 | Orc:2    | Found Kourph's Antique Weapon Shoppe.
 18086 | Orc:2    | Found a roughly hewn altar of Beogh.
 18087 | Orc:2    | Found Nubiuli's Antique Armour Emporium.
 18094 | Orc:2    | Bought a distressingly furry scale mail for 243 gold pieces
 18094 | Orc:2    | Bought a glowing tower shield for 202 gold pieces
 18094 | Orc:2    | Bought a pair of glowing gloves for 202 gold pieces
 18094 | Orc:2    | Bought a glowing scale mail for 189 gold pieces
 18108 | Orc:2    | Identified the cursed +1 scale mail of Fautex {Str+2} (You
                  | bought it in a shop on level 2 of the Orcish Mines)
 18924 | Lair:1   | Entered Level 1 of the Lair of Beasts
 19392 | Lair:1   | Reached skill level 18 in Axes
 19407 | Lair:1   | Found a radiant altar of Vehumet.
 19465 | Lair:1   | Noticed Prince Ribbit
 19468 | Lair:1   | Killed Prince Ribbit
 20283 | Lair:2   | Found a transporter.
 20285 | Lair:2   | Identified the +6 quick blade of Mastery {antimagic, rF+}
 20286 | Lair:2   | Noticed asdu's ghost (journeyman DDEE)
 20288 | Lair:2   | Found a bloodstained altar of Trog.
 20288 | Lair:2   | Identified the +8 spear of Absolution {antimagic, Str+4}
 20289 | Lair:2   | Identified the cursed +0 trident of Gloom {flame, Fragile
                  | rN+ Int+2}
 20469 | Lair:2   | Found a hole to the Spider Nest.
 20712 | Lair:2   | Found a transporter.
 21524 | Lair:3   | Got a warped ivory amulet
 21535 | Lair:3   | Reached XP level 15. HP: 93/130 MP: 14/14
 21584 | Lair:3   | Reached skill level 19 in Axes
 21757 | Lair:3   | Found a staircase to the Swamp.
 21824 | Lair:3   | Found a runed translucent door.
 21928 | Lair:3   | You fall into a shaft and drop 3 floors!
 21928 | Lair:6   | Entered Level 6 of the Lair of Beasts
 21934 | Lair:6   | Paralysed by a hornet for 1 turns
 22058 | Lair:6   | Identified the amulet of Nomp {Acrobat MP+9 Dex-2 Stlth+}
                  | (You found it on level 3 of the Lair of Beasts)
 22096 | Lair:6   | Found a runed translucent door.
 22356 | Lair:6   | Reached skill level 20 in Axes
 22613 | Lair:6   | Found a staircase to the Slime Pits.
 23774 | Lair:5   | Found a gate leading to a gauntlet.
 23840 | Gauntlet | Entered a Gauntlet
 23840 | Gauntlet | Found a transporter.
 23840 | Gauntlet | Found a runed translucent door.
 23841 | Gauntlet | Found a runed translucent door.
 23848 | Gauntlet | Found a transporter.
 23850 | Gauntlet | Found a transporter.
 23864 | Gauntlet | Found a runed translucent door.
 23866 | Gauntlet | Found a transporter.
 23868 | Gauntlet | Found a transporter.
 23878 | Gauntlet | Found a transporter.
 23894 | Gauntlet | Found a transporter.
 23901 | Gauntlet | Found a transporter.
 23914 | Gauntlet | Found a transporter.
 23926 | Gauntlet | Found a transporter.
 23926 | Gauntlet | Found a transporter.
 23940 | Gauntlet | Found a transporter.
 23949 | Gauntlet | Found a transporter.
 23953 | Gauntlet | Found a transporter.
 24199 | Gauntlet | Got a scintillating platinum ring
 24209 | Gauntlet | Identified the ring of the Jester {*Corrode rElec Will+
                  | Str+6} (You found it in a Gauntlet)
 24253 | Gauntlet | Identified the +7 rapier "Ged Koli" {flame, *Slow rPois
                  | Str+5 SInv}
 24253 | Gauntlet | Identified the +3 hand crossbow "Iledoz" {flame, rF+ Dex+3}
 24260 | Gauntlet | Reached skill level 21 in Axes
 24864 | Lair:4   | Noticed Snorg
 24870 | Lair:4   | Killed Snorg
 24933 | Lair:4   | Reached XP level 16. HP: 133/141 MP: 15/15
 26394 | Slime:1  | Entered Level 1 of the Pits of Slime
 26415 | Slime:1  | Noticed an acid blob
 26424 | Slime:1  | Killed an acid blob
 26425 | Slime:1  | Reached skill level 22 in Axes
 26576 | Slime:1  | Lost mutation: You are agile. (Dex +2) [a shining eye]
 26596 | Slime:1  | Mangled by an azure jelly

Illustrated notes

Levels and vault maps discovered:
D:1:      dpeg_arrival_court, layout_basic
D:2:      layout_loops_ring, minmay_misc_feat_rugged, grunt_ministairs_11,
          nicolae_dithmenos_through_a_glass_darkly
D:3:      layout_basic, patterned_corridor
D:4:      layout_cave_pools, nicolae_ossuary_entry_giza
D:5:      layout_cave_pods, uniq_pikel, uniq_grinder
D:6:      layout_basic, uniq_edmund, uniq_sigmund
D:7:      layout_loops_ring, marbit_many_paths, minmay_temple_entry_statues,
          fedhas_altar_1
D:8:      layout_rooms, gammafunk_temple_overflow_claw,
          hangedman_abyss_or_decor_passed, minivault_14,
          chequers_serial_rivers_micro_e, uniq_maggie, uniq_maurice
D:9:      layout_roguey, lair_entry_dummy, david_orc_4, serial_shops, shop,
          kennysheep_cross_room, minmay_holes, minmay_misc_feat_secret_circle,
          minmay_fire_ice_demons
D:10:     layout_long_grid, serial_shops, kennysheep_mini, shop, enter_bailey_6,
          nicolae_wand_duel, minivault_14, hangedman_abyss_or_decor_lesser_grid,
          uniq_erica
D:11:     layout_basic, uniq_sonja
D:12:     layout_basic
D:13:     layout_basic
D:14:     layout_layer_cave, erik_vaults_1, chequers_serial_rivers_micro_c,
          serial_shops, shop, shop, shop, shop, shop_fountains,
          cheibriados_altar_1
D:15:     gammafunk_depths_entry_grave, layout_basic,
          hangedman_decor_diamond_cutter
Lair:1:   layout_concentric_octagons, lemuel_oklob_altar, uniq_prince_ribbit2
Lair:2:   layout_chaotic_city, nicolae_spider_entry_orb_guardian,
          gammafunk_ghost_wrathful_warriors
Lair:3:   gammafunk_mikee_crab_dinner, layout_regular_city,
          palyth_hydra_swamp_entry, minivault_24,
          nicolae_lair_grove_arrangements, forest_entry_grove,
          serial_bayou_shore_a
Lair:4:   layout_loops_ring, grunt_forest_large_clearing_hut, uniq_snorg
Lair:5:   layout_misc_corridors, gauntlet_entry_generic,
          small_statue_intersection, st_stairs_11,
          chequers_serial_rivers_micro_a, kilobyte_rumbling_trees
Lair:6:   wormcave, layout_layer_cave, guppyfry_lair_end_dragon,
          minmay_slime_entry_jelly_boxes, grunt_megastairs_2
Slime:1:  cheibrodos_slime_lost_civilization_10, layout_caves
Orc:1:    layout_diamond_mine, special_room [special_room_orc]
Orc:2:    grunt_orc_community_town_hall, layout_caves,
          grunt_orc_community_big_house_1, grunt_orc_community_big_house_2,
          grunt_orc_community_house_3, grunt_orc_community_house_1,
          grunt_orc_community_house_3, grunt_orc_community_house_1,
          grunt_orc_community_house_2, basic_altar, nicolae_orc_lava_tube

Skill      XL: |  1  2  3  4  5  6  7  8  9 10 11 12 13 14 15 16 |
---------------+-------------------------------------------------+-----
Fighting       | 4 5 6 7 8 9 10 11 12 13 | 13.0
Armour         | 4 5 6 8 9 10 11 12 13 14 | 14.4
Long Blades    | 3 4 6 7 8 10 11 12 | 12.6
Shields        | 4 5 6 8 9 11 12 | 12.6
Dodging        | 1 2 |  2.1
Stealth        | 1 2 |  2.3
Axes           | 5 12 16 18 21 22 | 22.1

Action                   |  1- 3 |  4- 6 |  7- 9 | 10-12 | 13-15 | 16-18 || total
-------------------------+-------+-------+-------+-------+-------+-------++-------
Melee: Long sword        |   110 |   127 |   320 |   367 |       |       ||   924
       Headbutt          |    17 |    22 |    72 |   153 |   213 |    30 ||   507
       Executioner's axe |       |       |       |   190 |   728 |    88 ||  1006
Invok: Whirlwind         |       |       |       |     1 |    11 |       ||    12
  Use: Scroll            |       |     9 |     2 |     9 |    18 |     1 ||    39
       Potion            |       |       |       |     2 |     6 |     2 ||    10
Armor: Scale mail        |    17 |       |       |       |       |       ||    17
       Chain mail        |    47 |    31 |       |       |       |       ||    78
       Plate armour      |       |    56 |   134 |   337 |   540 |   133 ||  1200
Dodge: Dodged            |    31 |    40 |    78 |   220 |   369 |    53 ||   791
Block: Kite shield       |    52 |    62 |   183 |   294 |       |       ||   591
       Rpst.: Long sword |     6 |    13 |    14 |    17 |       |       ||    50
